 Dungeon Crawl Stone Soup version 0.31-a0-232-gb1c03b2570 (webtiles) character file.

Game seed: 10172475098495463593

98 qw the Shooter (level 4, -9/26 HPs)
             Began as a Gargoyle Hexslinger on July 7, 2023.
             Mangled by Blork the orc
             ... wielding a +0 glaive
              (11 damage)
             ... on level 5 of the Dungeon.
             The game lasted 00:00:43 (1660 turns).

qw the Shooter (Gargoyle Hexslinger)                Turns: 1660, Time: 00:00:44

Health: -9/26      AC:  6    Str: 12    XL:     4   Next: 71%
Magic:  5/5        EV: 11    Int: 13    God:
Gold:   71         SH:  0    Dex: 14    Spells: 4/5 levels left

rFire   + . .        Y - +3 sling
rCold   + . .        (no shield)
rNeg    + . .        h - +0 leather armour
rPois   inf          (no helmet)
rElec   +            f - scarf {rC+ rF+}
rCorr   .            (no gloves)
SInv    .            (no boots)
Will    .....        (no amulet)
Stlth   +            (no ring)
HPRegen 0.24/turn    (no ring)
MPRegen 0.09/turn

%: no passive effects
@: about to teleport
A: sickness immunity, AC +3, negative energy resistance 1, electricity
resistance, torment resistance 1, petrification resistance
a: no special abilities


You were on level 5 of the Dungeon.
You visited 1 branch of the dungeon, and saw 5 of its levels.

You collected 71 gold pieces.


Innate Abilities, Weirdness & Mutations

You are immune to sickness and miasma.
Your stone body is resilient. (AC +3)
You are immune to poison.
You resist negative energy. (rN+)
You are resistant to electric shocks. (rElec)
You are resistant to unholy torment.
You are immune to petrification.


   Skills:
 - Level 2.0 Fighting
 + Level 4.4 Ranged Weapons
 - Level 1.5 Dodging
 - Level 1.0 Spellcasting
 - Level 2.6 Hexes


You had 4 spell levels left.
You knew the following spells:

 Your Spells              Type           Power      Damage    Failure   Level
a - Slow                  Hex            28%        N/A       12%         1

Your spell library contained the following spells:

 Spells                   Type           Power      Damage    Failure   Level
 Inner Flame              Hex/Fire       4%         N/A       52%         3
 Portal Projectile        Hex/Tloc       8%         N/A       52%         3
 Cause Fear               Hex            3%         N/A       75%         4

Inventory:

Hand Weapons
 Y - a +3 sling (weapon)
Armour
 f - a scarf of resistance (worn)
 h - a +0 leather armour (worn)
Scrolls
 a - a scroll of identify
Potions
 b - a potion of heal wounds
 d - a potion of haste
 e - 2 potions of enlightenment
 g - a potion of curing

Dungeon Overview and Level Annotations

Branches:
Dungeon (6/15)
 Temple: D:4-7

Altars:
Elyvilon
Xom

Annotations:
D:1 1 runed translucent door
D:5 Blork the orc


Message History

You kill the ufetubus!
You hear a shout!
Blork the orc drinks a potion.
Blork the orc flickers and vanishes!
Deactivating autopickup; reactivate with Ctrl-A.
You hear a shout!
You shoot a sling bullet. The sling bullet hits the orc.
The orc is severely wounded.
A puff of flame appears from out of thin air!
The puff of flame hits you. You resist.
You shoot a sling bullet.
The sling bullet hits the orc but does no damage.
The orc is severely wounded.
You shoot a sling bullet. The sling bullet barely misses the orc.
An orc comes into view.
It is wielding a +0 war axe and wearing a +1 leather armour of cold resistance.
An orc comes into view. It is wielding a +0 trident.
You shoot a sling bullet. The sling bullet hits the orc.
You kill the orc!
The orc barely misses you.
You shoot a sling bullet. The sling bullet hits the orc.
The orc is moderately wounded.
You hear a shout!
The orc misses you. The orc closely misses you.
You shoot a sling bullet.
The sling bullet closely misses the orc.
An orc comes into view. It is wielding a +0 dagger.
Something hits you but does no damage. The orc barely misses you. x2
You shoot a sling bullet. The sling bullet hits the orc.
The orc is severely wounded.
The orc hits you with a +0 mace. Something hits you but does no damage.
You shoot a sling bullet.
The sling bullet hits the orc but does no damage.
The orc is heavily wounded.
Something hits you! The orc barely misses you.
A phantom comes into view.
Something hits you! The orc barely misses you.
1660 ||| READING scroll of teleportation.
As you read the scroll of teleportation, it crumbles to dust.
You feel strangely unstable. The orc barely misses you.
The orc closely misses you. Something hits you!
You die...

.... #. ## #..#
.###.###..##
..........# ...
.....# # ..
....#.77. #o
#..#.....
._.7.#W###>.......
....ooo@..........
#....{.../........
#.................
#.>...............
.............###+#
##########...#
...... ......
.....#


You could see a phantom and 4 orcs.

Vanquished Creatures
  5 adders
  An ufetubus (D:5)
  2 worms
  A dart slug (D:2)
  An orc (D:5)
  5 endoplasms
  2 giant cockroaches
  4 hobgoblins
  3 quokkas (D:1)
  7 ball pythons
  A bat (D:1)
  A frilled lizard (D:1)
  2 goblins
  3 kobolds
  4 rats
42 creatures vanquished.

Notes
Turn   | Place    | Note
-------+----------+-------------------------------------------
     0 | D:1      | qw the Gargoyle Hexslinger began the quest for the Orb.
     0 | D:1      | Reached XP level 1. HP: 12/12 MP: 2/2
     0 | D:1      | 0 ||| qw: Version: 0.3-a-46-gb1f654a
     0 | D:1      | 0 ||| qw: Game counter: 2874
     0 | D:1      | 0 ||| qw: Melee chars always use a shield: true
     0 | D:1      | 0 ||| qw: God list: Okawaru
     0 | D:1      | 0 ||| qw: Allow faded altars: false
     0 | D:1      | 0 ||| qw: Do Orc after clearing Dungeon:15 true
     0 | D:1      | 0 ||| qw: Do second Lair branch before Depths: true
     0 | D:1      | 0 ||| qw: Lair rune preference: random
     0 | D:1      | 0 ||| qw: Goals: Normal
     0 | D:1      | 0 ||| PLANNING D:1-11
     1 | D:1      | Found a runed translucent door.
    34 | D:1      | HP: 3/12 [ball python (1)]
    35 | D:1      | HP: 1/12 [ball python (2)]
   128 | D:1      | Reached XP level 2. HP: 16/16 MP: 3/3
   215 | D:1      | Reached skill level 3 in Ranged Weapons
   551 | D:1      | 551 ||| UPGRADING to +0 leather armour.
   561 | D:1      | 561 ||| DROPPING +0 robe.
   562 | D:1      | 562 ||| READING 2 scrolls labelled SUUTHRECLY.
   563 | D:1      | 563 ||| READING scroll labelled MIDDER HIGULL.
   564 | D:1      | 564 ||| READING scroll labelled GAGUNI ZOFUFF.
   565 | D:1      | 565 ||| DROPPING scroll of poison.
   580 | D:2      | Reached XP level 3. HP: 21/21 MP: 4/4
   639 | D:2      | Identified the +3 dagger "Hell-Harrower" {freeze, Str+3}
   789 | D:2      | Reached XP level 4. HP: 26/26 MP: 5/5
   831 | D:2      | Reached skill level 4 in Ranged Weapons
  1087 | D:2      | 1087 ||| READING scroll labelled ADWAYC DAGISO.
  1088 | D:2      | 1088 ||| READING scroll labelled JAB IQUUSCHO.
  1089 | D:2      | 1089 ||| READING scroll labelled WYGEINKIGAKH.
  1093 | D:2      | 1093 ||| DRINKING 2 sapphire potions.
  1094 | D:2      | 1094 ||| DRINKING 3 emerald potions.
  1095 | D:2      | 1095 ||| READING 2 scrolls of identify.
  1095 | D:2      | 1095 ||| IDENTIFYING white potion
  1493 | D:3      | 1493 ||| READING scroll of enchant weapon.
  1493 | D:3      | 1493 ||| ENCHANTING +2 sling.
  1627 | D:3      | You fall into a shaft and drop 3 floors!
  1627 | D:6      | Found a white marble altar of Elyvilon.
  1628 | D:6      | 1628 ||| UPGRADING to scarf of resistance.
  1633 | D:6      | 1633 ||| DRINKING 2 brown potions.
  1634 | D:6      | 1634 ||| READING 3 scrolls of identify.
  1634 | D:6      | 1634 ||| IDENTIFYING metallic ruby potion
  1635 | D:6      | 1635 ||| READING 2 scrolls of identify.
  1635 | D:6      | 1635 ||| IDENTIFYING lumpy coppery potion
  1636 | D:6      | 1636 ||| DROPPING potion of degeneration.
  1637 | D:6      | 1637 ||| DROPPING potion of lignification.
  1645 | D:5      | Entered Level 5 of the Dungeon
  1648 | D:5      | Found a shimmering altar of Xom.
  1650 | D:5      | Noticed Blork the orc
  1659 | D:5      | Noticed a phantom
  1659 | D:5      | HP: 1/26 [something (12)]
  1660 | D:5      | 1660 ||| READING scroll of teleportation.
  1660 | D:5      | Mangled by Blork the orc

Levels and vault maps discovered:
D:1:      dpeg_arrival_caged_fury, layout_basic
D:2:      layout_rooms
D:3:      layout_basic, nicolae_overflow_two_pavilions
D:5:      minmay_skewed_foursquare, layout_gridville, makhleb_heckhound_becter,
          zin_academy, mainiacjoe_overflow_tiny_flanked, uniq_blork_the_orc
D:6:      layout_layer_cave, overflow_temple_1_default, nicolae_ru_awakened_eye

Skill      XL: |  1  2  3  4 |
---------------+-------------+-----
Ranged Weapons | 3 4 |  4.4
Fighting       | 2 |  2.0
Dodging        | |  1.5
Spellcasting   | |  1.0
Hexes          | |  2.6

Action                     |  1- 3 |  4- 6 || total
---------------------------+-------+-------++-------
   Fire: Sling             |   119 |    52 ||   171
    Use: Scroll            |     3 |     8 ||    11
         Potion            |       |     3 ||     3
 Armour: Robe              |    15 |       ||    15
         Leather armour    |    34 |     5 ||    39
  Dodge: Dodged            |    52 |    18 ||    70

Table legend:
 A = Non-vault XP
 B = Vault XP
 C = Vault XP percentage of total XP
 D = Non-vault monster count
 E = Vault monster count
 F = Vault count percentage of total count
                 A         B        C        D         E       F
            +---------+---------+-------+---------+---------+-------
      Total |     141 |       0 |   0.0 |      42 |       0 |   0.0
            +---------+---------+-------+---------+---------+-------
        D:1 |      29 |       0 |   0.0 |      18 |       0 |   0.0
        D:2 |      73 |       0 |   0.0 |      14 |       0 |   0.0
        D:3 |      28 |       0 |   0.0 |       8 |       0 |   0.0
        D:5 |      11 |       0 |   0.0 |       2 |       0 |   0.0
            +---------+---------+-------+---------+---------+-------
